 Dungeon Crawl Stone Soup version 0.31.0-12-g77e489cdc1 (webtiles) character file.

Game seed: 14376120133850898386

2809 Baz the Covert (level 9, -5/62 HPs)
             Began as an Octopode Shapeshifter on Feb 26, 2024.
             Slain by an ice beast (9 damage)
             ... on level 6 of the Dungeon.
             The game lasted 00:16:03 (7151 turns).

Baz the Covert (Octopode Shapeshifter)              Turns: 7151, Time: 00:16:04

Health: -5/62      AC:  1    Str: 13    XL:     9   Next: 72%
Magic:  9/9        EV: 14    Int: 13    God:
Gold:   87         SH:  5    Dex: 15    Spells: 3/8 levels left

rFire   . .          .
                       - Unarmed
rCold   . . .        q - +0 buckler
rNeg    . . .        (helmet currently unavailable)
rPois   .            (no amulet)
rElec   .            u - ring of wizardry
rCorr   .            (no ring)
SInv    .            (no ring)
Will    .....        (no ring)
Stlth   +++++        (no ring)
HPRegen 0.30/turn    (no ring)
MPRegen 0.11/turn    (no ring)
                     (no ring)

%: wizardry (x1)
@: beast-form, hasted, very quick
A: beast (slay +3), almost no armour, amphibious, 8 rings, camouflage 1,
gelatinous body 1, (nimble swimmer 1), tentacles
a: Begin Untransformation


You were on level 6 of the Dungeon.
You were a hulking beast.
You visited 1 branch of the dungeon, and saw 6 of its levels.
You also visited: Ossuary.

You collected 432 gold pieces.
You spent 345 gold pieces at shops.

Inventory:

Hand Weapons
 a - a +2 dagger of venom
Armour
 f - a +0 kite shield
 q - a +0 buckler (worn)
Jewellery
 u - a ring of wizardry (left tentacle)
 w - a ring of ice
Talismans
 b - a beast talisman (active)
 c - a flux talisman
Scrolls
 e - a scroll of revelation
 g - 3 scrolls of enchant weapon {unknown}
 h - a scroll of immolation {unknown}
 k - 2 scrolls of poison {unknown}
 m - 5 scrolls of teleportation
 p - a scroll of fog {unknown}
 r - 4 scrolls of enchant armour {unknown}
 s - a scroll of summoning {unknown}
 t - a scroll of fear {unknown}
 v - a scroll of noise {unknown}
 x - 2 scrolls of torment {unknown}
 y - a scroll of acquirement {unknown}
 C - a scroll of brand weapon {unknown}
Potions
 d - 5 potions of degeneration
 i - 4 potions of attraction
 n - 2 potions of curing
 o - 5 potions of brilliance
 z - 2 potions of magic
 B - a potion of cancellation


   Skills:
 + Level 5.7 Fighting
 + Level 3.6 Dodging
 - Level 8.0 Stealth
 - Level 4.6 Shields
 + Level 6.5 Unarmed Combat
 * Level 6.3 Shapeshifting


You had 3 spell levels left.
You knew the following spells:

 Your Spells              Type           Power      Damage    Failure   Level
a - Dazzling Flash        Conj/Hex       0%         N/A       43%         3
b - Blink                 Tloc           0%         N/A       24%         2

Your spell library contained the following spells:

 Spells                   Type           Power      Damage    Failure   Level
 Freeze                   Ice            0%         1d3       16%         1
 Magic Dart               Conj           0%         1d3       16%         1
 Shock                    Conj/Air       0%         1d3       16%         1
 Call Imp                 Summ           0%         N/A       24%         2
 Frozen Ramparts          Ice            0%         1d1       43%         3
 Hailstorm                Conj/Ice       0%         3d5       43%         3
 Swiftness                Air            0%         N/A       43%         3
 Volatile Blastmotes      Fire/Tloc      0%         2d10      43%         3
 Airstrike                Air            0%         2d(0-16)  82%         4
 Starburst                Conj/Fire      0%         6d3       100%        6
 Maxwell's Capacitive Co  Air            0%         ∞         100%        8


Dungeon Overview and Level Annotations

Branches:
Dungeon (6/15)             Temple (0/1) D:4         Ossuary (visited)

Altars:
Dithmenos

Shops:
D:2 [   D:5 ?   D:6 (:?

Annotations:
D:4 exclusion: black bear
D:6 Eustachio


Innate Abilities, Weirdness & Mutations

You are a hulking beast.
Your limbs bulge with bestial killing power. (Slay +3)
You cannot wear most types of armour.
You are amphibious.
You can wear up to eight rings at the same time.
Your skin changes colour to match your surroundings (Stealth+).
Your rubbery body absorbs attacks. (AC +1, EV +1)
((You are camouflaged when in or above water. (Stealth+)))
You have tentacles for arms and can constrict up to eight enemies at once.


Message History

* * * LOW HITPOINT WARNING * * *
Unknown command.
You closely miss the ice beast.
You squeeze the ice beast, but do no damage.
The ice beast is moderately wounded.
The hound barely misses you. The ice beast misses you.
Unknown command.
You feel much better. The hound bites you.
The hound stops to sniff the ground.
You block the hound's attack. The ice beast hits you.
* * * LOW HITPOINT WARNING * * *
The ice beast freezes you!
* * * LOW HITPOINT WARNING * * *
You feel better. You block the hound's attack. The ice beast barely misses you.
Okay, then.
Unknown command.
Cast which spell? (? or * to list)
Okay, then.
Unknown command.
Okay, then.
Unknown command.
You feel yourself speed up. The hound bites you.
* * * LOW HITPOINT WARNING * * *
The hound misses you. You block the ice beast's attack.
Unknown command.
You tentacle-slap the ice beast but do no damage.
You squeeze the ice beast, but do no damage.
The ice beast is moderately wounded.
The hound bites you.
* * * LOW HITPOINT WARNING * * *
Unknown command.
You tentacle-slap the ice beast.
The ice beast is heavily wounded.
You block the ice beast's attack. You block the hound's attack.
You barely miss the ice beast.
The ice beast is heavily wounded.
The ice beast hits you.
* * * LOW HITPOINT WARNING * * *
The ice beast freezes you!
You die...

##..................##
###...........#...#.#..
##...................
#..............).#...
#.##......#......# #.
#..#...##.#.Y........
##.....#.......#.....
#.hY#.........#...#.
###h##(..........##
#####..####...##
####..## #.##
####.#....#
#..>.))#.### ..
#............# #.##
#............## #...#
###..........# #..#
#.....##...####.#


You could see an ice beast and a hound.

Vanquished Creatures
  A steam dragon (D:6)
  3 ice beasts
  3 orc warriors
  A black bear (D:6)
  2 ogres (D:6)
  A weeping skull (Ossuary)
  Blork the orc (D:5)
  A kobold brigand (D:5)
  3 phantoms
  An elf zombie (Ossuary)
  5 scorpions
  2 burial acolytes (Ossuary)
  2 bombardier beetles (D:5)
  A centaur zombie (Ossuary)
  A human zombie (Ossuary)
  3 hounds
  A jelly (D:5)
  4 orc priests
  2 iguanas
  7 orc wizards
  3 hound zombies (Ossuary)
  2 mummies (Ossuary)
  4 gnolls (D:4)
  10 adders
  A shadow imp (D:6)
  A dart slug (D:3)
  24 orcs
  7 bats
  A bat skeleton (D:2)
  6 endoplasms
  2 giant cockroaches
  5 gnoll zombies (Ossuary)
  5 goblins
  12 hobgoblins
  8 jackals
  2 quokkas
  6 ball pythons
  A ball python zombie (D:2)
  4 frilled lizards
  A giant cockroach zombie (D:2)
  10 kobolds
  6 orc zombies (Ossuary)
  4 rats
170 creatures vanquished.

Notes
Turn   | Place    | Note
-------+----------+-------------------------------------------
     0 | D:1      | Baz the Octopode Shapeshifter began the quest for the Orb.
     0 | D:1      | Reached XP level 1. HP: 13/13 MP: 1/1
   121 | D:1      | Found a faded altar of an unknown god.
   137 | D:1      | Reached skill level 1 in Stealth
   148 | D:1      | Reached XP level 2. HP: 14/18 MP: 2/2
   609 | D:1      | Reached skill level 2 in Stealth
   943 | D:2      | Reached XP level 3. HP: 11/23 MP: 3/3
  1035 | D:2      | Found Ecvepn's Armour Boutique.
  1675 | D:2      | Reached skill level 3 in Stealth
  1675 | D:2      | Reached XP level 4. HP: 27/28 MP: 4/4
  2604 | D:4      | Noticed a black bear
  2687 | D:4      | Noticed an orc warrior
  2701 | D:3      | HP: 2/43 [poisoned by an orc wizard]
  2720 | D:3      | Reached XP level 5. HP: 20/34 MP: 5/5
  2882 | D:4      | Found a shadowy altar of Dithmenos.
  2956 | D:4      | Reached skill level 4 in Stealth
  3023 | D:4      | Noticed a phantom
  3054 | D:4      | Killed a phantom
  3055 | D:4      | Reached skill level 1 in Shields
  3055 | D:4      | Reached XP level 6. HP: 31/40 MP: 6/6
  3278 | D:4      | Killed an orc warrior
  3279 | D:4      | Reached skill level 5 in Stealth
  3584 | D:4      | Found a staircase to the Ecumenical Temple.
  3700 | D:4      | Reached XP level 7. HP: 45/45 MP: 7/7
  4181 | D:5      | Entered Level 5 of the Dungeon
  4192 | D:5      | Found a sand-covered staircase.
  4199 | Ossuary  | Entered an ossuary
  4499 | Ossuary  | Reached skill level 6 in Stealth
  4606 | Ossuary  | Reached XP level 8. HP: 6/54 MP: 8/8
  5104 | D:5      | Reached skill level 5 in Unarmed Combat
  5314 | D:5      | Reached skill level 7 in Stealth
  5314 | D:5      | Reached skill level 5 in Shapeshifting
  5326 | D:5      | Noticed Blork the orc
  5334 | D:5      | Killed Blork the orc
  5548 | D:5      | Learned a level 3 spell: Dazzling Flash
  5742 | D:5      | Found The Oracle's Delphic Readings.
  5746 | D:5      | Bought a book of Minor Magic for 224 gold pieces
  5749 | D:5      | Learned a level 2 spell: Blink
  6003 | D:6      | Reached XP level 9. HP: 18/60 MP: 9/9
  6242 | D:6      | Reached skill level 5 in Fighting
  6309 | D:6      | Reached skill level 8 in Stealth
  6359 | D:6      | Found Fotagroc's Weapon Shoppe.
  6496 | D:6      | Found Nymuenish's Magic Scroll Emporium.
  6634 | D:6      | Bought 3 scrolls of teleportation for 99 gold pieces
  6634 | D:6      | Bought a scroll of identify for 22 gold pieces
  6668 | D:6      | Found Muew's Book Shoppe.
  6960 | D:6      | Noticed Eustachio
  7151 | D:6      | Slain by an ice beast

Illustrated notes

Levels and vault maps discovered:
D:1:      lightli_arrival_quake, layout_basic, hellmonk_ecumenical_altar_zigzags
D:2:      layout_basic, serial_undead, serial_undead_e, serial_undead_e,
          serial_undead_b, serial_undead_c, serial_shops,
          nicolae_shop_rolling_square
D:3:      layout_basic, minmay_misc_feat_more_columns, kennysheep_boxes
D:4:      layout_rooms, nicolae_dithmenos_shadow_blocks,
          minmay_temple_entry_from_below_a
D:5:      layout_rooms, serial_glass, glass_columns_c, glass_columns_a,
          enter_ossuary_5, minmay_misc_feat_tower, kennysheep_path_1,
          nicolae_nh_oracle_at_delphi, uniq_blork_the_orc
D:6:      cheibrodos_fzero, layout_cave_pools, serial_shops, shop, shop,
          nicolae_shop_competitors_out_of_business, grunt_ministairs_4,
          uniq_eustachio

Skill      XL: |  1  2  3  4  5  6  7  8  9 |
---------------+----------------------------+-----
Stealth        | 1 2 3 4 5 6 7 8 |  8.0
Fighting       | 2 3 4 5 |  5.7
Shields        | 1 2 3 4 |  4.6
Unarmed Combat | 4 5 6 |  6.5
Shapeshifting  | 4 5 6 |  6.3
Dodging        | 3 |  3.6

Action                     |  1- 3 |  4- 6 |  7- 9 || total
---------------------------+-------+-------+-------++-------
  Melee: Unarmed           |    65 |    98 |   276 ||   439
         Constrict         |    18 |    26 |    60 ||   104
         Tentacles         |    10 |    22 |    82 ||   114
         Punch             |     2 |     1 |    16 ||    19
    Use: Potion            |       |     6 |     4 ||    10
         Scroll            |       |     4 |     4 ||     8
   Stab: Sleeping          |    10 |     5 |    19 ||    34
         Distracted        |     1 |     1 |     1 ||     3
 Armour: Skin              |    28 |    51 |   137 ||   216
  Dodge: Dodged            |    38 |    49 |   117 ||   204
  Block: Buckler           |       |       |    14 ||    14
   Form: Beast             |     1 |       |       ||     1
